EVO
UNIVERSITY OF MICHIGAN WOLVERINES @ CLEMSON UNIVERSITY TIGERS
11/14/2048
 
TOP OF THE 1ST
Wichita State University Shockers batting - Pitching for Clemson University Tigers : RHP Richard Clements
Pitching: RHP Richard Clements
Batting: RHB Ryan LeSueur 0-0: Ball
1-0: Bunt for hit to P - play at first, batter OUT! 1-3
Batting: RHB Adam McMillen 0-0: Ball
1-0: Ball
2-0: Ball
3-0: Base on Balls
Batting: RHB David Bousfield 0-0: Ball
1-0: Foul Ball, location: 2F
1-1: Ball
2-1: Foul Ball, location: 2F
2-2: Foul Ball, location: 2F
2-2: Ball
3-2: Foul Ball, location: 2F
3-2: Foul Ball, location: 2F
3-2: Strikes out swinging
Batting: RHB Juan Nieves 0-0: Ball
1-0: Ball
2-0: Ball
3-0: Called Strike
3-1: Foul Ball, location: 2F
3-2: Base on Balls
Adam McMillen to second
Batting: RHB Tony Gonzales 0-0: Ball
1-0: SINGLE (Groundball, 3S, EV 96.2 MPH)
Adam McMillen to third
Juan Nieves to second
Runner from 3rd tries for Home, SAFE, throw by RF to home
Batting: LHB Henry Huezo 0-0: Ball
1-0: Swinging Strike
1-1: Foul Ball, location: 2F
1-2: Foul Ball, location: 2F
1-2: Strikes out swinging
Top of the 1st over - 1 run, 1 hit, 0 errors, 2 left on base; Wichita State University 1 - Clemson University 0
BOTTOM OF THE 1ST
Clemson University Tigers batting - Pitching for Wichita State University Shockers : RHP Conrad Chasar
Pitching: RHP Conrad Chasar
Batting: RHB Jason Duncan 0-0: Ball
1-0: Called Strike
1-1: Foul Ball, location: 2F
1-2: Foul Ball, location: 2F
1-2: Ball
2-2: Fly out, F8 (Flyball, 8RD, EV 99.4 MPH)
Batting: LHB Jayden Pelayo 0-0: Foul Ball, location: 2F
0-1: Ball
1-1: Fly out, F8 (Line Drive, 78M, EV 90.0 MPH)
Batting: RHB Chris Prinzing 0-0: Ball
1-0: Ball
2-0: Called Strike
2-1: Ground out 6-3 (Groundball, 4MD, EV 111.2 MPH)
Bottom of the 1st over - 0 runs, 0 hits, 0 errors, 0 left on base; Wichita State University 1 - Clemson University 0
TOP OF THE 2ND
Wichita State University Shockers batting - Pitching for Clemson University Tigers : RHP Richard Clements
Batting: RHB Juan Mercado 0-0: Fly out, F8 (Flyball, 89D, EV 88.1 MPH)
Batting: LHB Andrew Moore 0-0: Foul Ball, location: 2F
0-1: Ball
1-1: Swinging Strike
1-2: Foul Ball, location: 2F
1-2: Strikes out swinging
Batting: RHB Perry Renouf 0-0: Called Strike
0-1: Ground out 4-3 (Groundball, 4M, EV 101.9 MPH)
Top of the 2nd over - 0 runs, 0 hits, 0 errors, 0 left on base; Wichita State University 1 - Clemson University 0
BOTTOM OF THE 2ND
Clemson University Tigers batting - Pitching for Wichita State University Shockers : RHP Conrad Chasar
Batting: RHB Josh LeSage 0-0: Called Strike
0-1: Ground out U3 (Groundball, 34, EV 101.9 MPH)
Batting: LHB Victor Reyna 0-0: Swinging Strike
0-1: Ball
1-1: Fly out, F8 (Flyball, 89M, EV 75.0 MPH)
Batting: RHB Juan Barela 0-0: Called Strike
0-1: Ball
1-1: Ball
2-1: Ground out 6-3 (Groundball, 6, EV 91.9 MPH)
Bottom of the 2nd over - 0 runs, 0 hits, 0 errors, 0 left on base; Wichita State University 1 - Clemson University 0
TOP OF THE 3RD
Wichita State University Shockers batting - Pitching for Clemson University Tigers : RHP Richard Clements
Batting: RHB Ryan LeSueur 0-0: Foul Ball, location: 2F
0-1: Ball
1-1: Ball
2-1: Foul Ball, location: 2F
2-2: Fly out, F4 (Popup, 4S, EV 78.1 MPH)
Batting: RHB Adam McMillen 0-0: Ball
1-0: Foul Ball, location: 2F
1-1: Bunt for hit to 23 - play at first, batter OUT! 3-4
Batting: RHB David Bousfield 0-0: Ball
1-0: Ball
2-0: Ball
3-0: Called Strike
3-1: Foul Ball, location: 2F
3-2: DOUBLE (Flyball, 78D, EV 100.6 MPH)
Batting: RHB Juan Nieves 0-0: Foul Ball, location: 2F
0-1: Ball
1-1: Called Strike
1-2: Ball
2-2: Foul Ball, location: 2F
2-2: Fly out, F7 (Flyball, 78D, EV 88.8 MPH)
Top of the 3rd over - 0 runs, 1 hit, 0 errors, 1 left on base; Wichita State University 1 - Clemson University 0
BOTTOM OF THE 3RD
Clemson University Tigers batting - Pitching for Wichita State University Shockers : RHP Conrad Chasar
Batting: RHB Jorge Alva 0-0: Ball
1-0: Called Strike
1-1: Ball
2-1: Called Strike
2-2: Ball
3-2: Foul Ball, location: 2F
3-2: Ground out 6-3 (Groundball, 6, EV 88.1 MPH)
Batting: RHB Neal Perucci 0-0: Called Strike
0-1: Ball
1-1: Ball
2-1: Ball
3-1: Base on Balls
Batting: RHB Donovan Deason 0-0: Fly out, F7 (Flyball, 78XD, EV 100.6 MPH)
Batting: RHB Jason Duncan 0-0: Called Strike
0-1: Ball
1-1: Ball
2-1: Foul Ball, location: 2F
2-2: Ball
3-2: Ground out 5-3 (Groundball, 56, EV 85.0 MPH)
Bottom of the 3rd over - 0 runs, 0 hits, 0 errors, 1 left on base; Wichita State University 1 - Clemson University 0
TOP OF THE 4TH
Wichita State University Shockers batting - Pitching for Clemson University Tigers : RHP Richard Clements
Batting: RHB Tony Gonzales 0-0: SOLO HOME RUN (Flyball, 9D, EV 97.5 MPH), Distance : 374 ft
Batting: LHB Henry Huezo 0-0: Fly out, F8 (Flyball, 78S, EV 80.0 MPH)
Batting: RHB Juan Mercado 0-0: Called Strike
0-1: Swinging Strike
0-2: Fly out, F4 (Popup, 34S, EV 80.0 MPH)
Batting: LHB Andrew Moore 0-0: Ball
1-0: Ball
2-0: Foul Ball, location: 2F
2-1: Fly out, F5 (Line Drive, 56, EV 76.9 MPH)
Top of the 4th over - 1 run, 1 hit, 0 errors, 0 left on base; Wichita State University 2 - Clemson University 0
BOTTOM OF THE 4TH
Clemson University Tigers batting - Pitching for Wichita State University Shockers : RHP Conrad Chasar
Batting: LHB Jayden Pelayo 0-0: Called Strike
0-1: Called Strike
0-2: Ball
1-2: Ball
2-2: Ball
3-2: Fly out, F7 (Flyball, 7D, EV 89.4 MPH)
Batting: RHB Chris Prinzing 0-0: Ball
1-0: Ball
2-0: Swinging Strike
2-1: Swinging Strike
2-2: Ball
3-2: Foul Ball, location: 2F
3-2: Base on Balls
Batting: RHB Josh LeSage 0-0: Swinging Strike
0-1: Swinging Strike
0-2: Ball
1-2: Ball
2-2: Strikes out swinging
Batting: LHB Victor Reyna 0-0: Foul Ball, location: 2F
0-1: Ball
1-1: SINGLE (Groundball, 56D, EV 102.5 MPH)
Chris Prinzing to second
Batting: RHB Juan Barela 0-0: Fly out, F7 (Flyball, 7, EV 80.6 MPH)
Bottom of the 4th over - 0 runs, 1 hit, 0 errors, 2 left on base; Wichita State University 2 - Clemson University 0
TOP OF THE 5TH
Wichita State University Shockers batting - Pitching for Clemson University Tigers : RHP Richard Clements
Batting: RHB Perry Renouf 0-0: Ball
1-0: SINGLE (Flyball, 89M, EV 95.0 MPH)
Batting: RHB Ryan LeSueur 0-0: Ball
1-0: Bunt missed!
1-1: Bunt missed!
1-2: Ball
2-2: Fielders Choice at 2nd, 1-6 (Groundball, 34S, EV 68.1 MPH)
Batting: RHB Adam McMillen 0-0: Called Strike
0-1: Foul Ball, location: 2F
0-2: Hit by Pitch
Ryan LeSueur to second
Batting: RHB David Bousfield 0-0: Ball
1-0: Called Strike
1-1: Called Strike
1-2: Fly out, F4 (Popup, 4, EV 67.5 MPH)
Batting: RHB Juan Nieves 0-0: Ball
1-0: Called Strike
1-1: Swinging Strike
1-2: Strikes out swinging
Top of the 5th over - 0 runs, 1 hit, 0 errors, 2 left on base; Wichita State University 2 - Clemson University 0
BOTTOM OF THE 5TH
Clemson University Tigers batting - Pitching for Wichita State University Shockers : RHP Conrad Chasar
Batting: RHB Jorge Alva 0-0: Called Strike
0-1: Called Strike
0-2: Ground out 4-3 (Groundball, 4S, EV 91.2 MPH)
Batting: RHB Neal Perucci 0-0: Called Strike
0-1: Ball
1-1: SINGLE (Line Drive, 34D, EV 100.0 MPH)
Batting: RHB Donovan Deason 0-0: Ball
1-0: Foul Ball, location: 2F
1-1: Swinging Strike
1-2: Foul Ball, location: 2F
1-2: Ball
Wild Pitch!
Neal Perucci to second
2-2: Strikes out swinging
Batting: RHB Jason Duncan 0-0: Ball
1-0: Called Strike
1-1: Ball
2-1: Foul Ball, location: 2F
2-2: Ball
3-2: SINGLE (Groundball, 6MD, EV 97.5 MPH)
Neal Perucci to third
Runner from 3rd tries for Home, SAFE, throw by CF to home
Pitching: LHP Tyler Thackeray
Batting: LHB Jayden Pelayo 0-0: Ball
1-0: SINGLE (Line Drive, 4M, EV 108.8 MPH)
Jason Duncan to second
Runner from 2nd tries for 3rd, SAFE, throw by CF made to third
Batting: RHB Chris Prinzing 0-0: Called Strike
0-1: SINGLE (Line Drive, 8RS, EV 98.1 MPH)
Jason Duncan scores
Jayden Pelayo to second
Batting: RHB Josh LeSage 0-0: Ball
1-0: Ball
2-0: Ground out 6-3 (Groundball, 56, EV 106.9 MPH)
Bottom of the 5th over - 2 runs, 4 hits, 0 errors, 2 left on base; Wichita State University 2 - Clemson University 2
TOP OF THE 6TH
Wichita State University Shockers batting - Pitching for Clemson University Tigers : RHP Richard Clements
Pitching: RHP Gustavo Carena
Batting: RHB Tony Gonzales 0-0: SINGLE (Groundball, 6M, EV 106.9 MPH) (infield hit)
Batting: LHB Henry Huezo 0-0: Sac Bunt to 2R - play at first, batter OUT! 2-3
Tony Gonzales to second
Batting: LHB Simon Barry 0-0: Intentional Walk
Batting: LHB Andrew Moore 0-0: Ball
1-0: SINGLE (Groundball, 5S, EV 96.2 MPH)
Tony Gonzales to third
Simon Barry to second
Runner from 3rd tries for Home, SAFE, throw by LF to home
Batting: RHB Perry Renouf 0-0: Called Strike
0-1: DOUBLE (Line Drive, 5D, EV 95.6 MPH)
Simon Barry scores
Andrew Moore to third
Batting: RHB Ryan LeSueur 0-0: Intentional Walk
Batting: RHB Adam McMillen 0-0: Foul Ball, location: 2F
0-1: Swinging Strike
0-2: Fly out, F7 (Flyball, 7LSF, EV 91.2 MPH)
Batting: RHB David Bousfield 0-0: Called Strike
0-1: Ball
1-1: Ball
2-1: Ball
3-1: Base on Balls
Andrew Moore scores
Perry Renouf to third
Ryan LeSueur to second
Pitching: RHP Joachim Marot
Batting: RHB Juan Nieves 0-0: Ball
1-0: Ball
2-0: Ball
3-0: Called Strike
3-1: Foul Ball, location: 2F
3-2: SINGLE (Groundball, 56D, EV 99.4 MPH)
Perry Renouf scores
Ryan LeSueur to third
David Bousfield to second
Ryan LeSueur scores
David Bousfield to third
Batting: RHB Tony Gonzales 0-0: Ball
1-0: Foul Ball, location: 2F
1-1: Swinging Strike
1-2: Fly out, F9 (Flyball, 9D, EV 100.0 MPH)
Top of the 6th over - 5 runs, 4 hits, 0 errors, 2 left on base; Wichita State University 7 - Clemson University 2
BOTTOM OF THE 6TH
Clemson University Tigers batting - Pitching for Wichita State University Shockers : LHP Tyler Thackeray
Batting: LHB Victor Reyna 0-0: Fly out, F8 (Flyball, 8RD, EV 88.1 MPH)
Batting: RHB Juan Barela 0-0: Called Strike
0-1: Ball
1-1: Ball
2-1: Ball
3-1: Foul Ball, location: 2F
3-2: Foul Ball, location: 2F
3-2: Base on Balls
Batting: RHB Jorge Alva 0-0: Fielders Choice at 2nd, 6-4 (Groundball, 6, EV 85.0 MPH)
Batting: RHB Neal Perucci 0-0: Ball
1-0: Fly out, F7 (Flyball, 7D, EV 95.0 MPH)
Bottom of the 6th over - 0 runs, 0 hits, 0 errors, 1 left on base; Wichita State University 7 - Clemson University 2
TOP OF THE 7TH
Wichita State University Shockers batting - Pitching for Clemson University Tigers : RHP Joachim Marot
Batting: LHB Henry Huezo 0-0: Ball
1-0: Ground out 6-3 (Groundball, 56, EV 87.5 MPH)
Batting: LHB Simon Barry 0-0: SINGLE (Line Drive, 9S, EV 105.6 MPH)
Batting: LHB Andrew Moore 0-0: Fly out, F8 (Flyball, 8LXD, EV 106.9 MPH)
Batting: RHB Perry Renouf 0-0: Ball
1-0: Swinging Strike
1-1: SINGLE (Groundball, 56, EV 102.5 MPH)
Simon Barry to second
Pitching: LHP Salvatore Vasquez
Batting: RHB Ryan LeSueur 0-0: SINGLE (Groundball, 5S, EV 68.1 MPH) (infield hit)
Simon Barry to third
Perry Renouf to second
Batting: RHB Adam McMillen 0-0: Ball
1-0: Ball
2-0: Called Strike
2-1: GRAND SLAM HOME RUN (Flyball, 7D, EV 98.1 MPH), Distance : 378 ft
Batting: RHB David Bousfield 0-0: Called Strike
0-1: Ball
1-1: Ball
2-1: Foul Ball, location: 2F
2-2: SINGLE (Groundball, 56, EV 105.6 MPH) (infield hit)
Batting: RHB Juan Nieves 0-0: Ball
1-0: Ball
2-0: Fly out, F9 (Line Drive, 89D, EV 88.8 MPH)
Top of the 7th over - 4 runs, 5 hits, 0 errors, 1 left on base; Wichita State University 11 - Clemson University 2
BOTTOM OF THE 7TH
Clemson University Tigers batting - Pitching for Wichita State University Shockers : LHP Tyler Thackeray
Batting: RHB Donovan Deason 0-0: Foul Ball, location: 2F
0-1: Swinging Strike
0-2: Ball
1-2: Strikes out swinging
Pitching: RHP Dan Corrow
Batting: RHB Jason Duncan 0-0: Called Strike
0-1: Ball
1-1: Foul Ball, location: 2F
1-2: Ball
2-2: Foul Ball, location: 2F
2-2: Ball
3-2: Strikes out swinging
Batting: LHB Jayden Pelayo 0-0: Foul Ball, location: 2F
0-1: Ball
1-1: Foul Ball, location: 2F
1-2: Ball
2-2: Ground out 5-3 (Groundball, 5, EV 83.1 MPH)
Bottom of the 7th over - 0 runs, 0 hits, 0 errors, 0 left on base; Wichita State University 11 - Clemson University 2
TOP OF THE 8TH
Wichita State University Shockers batting - Pitching for Clemson University Tigers : LHP Salvatore Vasquez
Batting: RHB Tony Gonzales 0-0: Ball
1-0: Called Strike
1-1: Swinging Strike
1-2: Strikes out swinging
Batting: LHB Henry Huezo 0-0: Ball
1-0: Called Strike
1-1: Ball
2-1: DOUBLE (Flyball, 8LXD, EV 103.8 MPH)
Batting: LHB Simon Barry 0-0: Called Strike
0-1: SINGLE (Line Drive, 78S, EV 88.8 MPH)
Henry Huezo to third
Runner from 3rd tries for Home, SAFE, throw by LF to home
Pitching: RHP Cong Tung
Batting: LHB Andrew Moore 0-0: Swinging Strike
0-1: Foul Ball, location: 2F
0-2: Fielders Choice at 2nd, 3-6 (Groundball, 3, EV 86.9 MPH)
Batting: RHB Perry Renouf 0-0: Called Strike
0-1: Ball
1-1: Ball
2-1: Foul Ball, location: 2F
2-2: Strikes out swinging
Top of the 8th over - 1 run, 2 hits, 0 errors, 1 left on base; Wichita State University 12 - Clemson University 2
BOTTOM OF THE 8TH
Clemson University Tigers batting - Pitching for Wichita State University Shockers : RHP Dan Corrow
Batting: RHB Chris Prinzing 0-0: Ground out 4-3 (Groundball, 4M, EV 96.2 MPH)
Batting: RHB Josh LeSage 0-0: Ball
1-0: Swinging Strike
1-1: Foul Ball, location: 2F
1-2: Foul Ball, location: 2F
1-2: Foul Ball, location: 2F
1-2: SINGLE (Groundball, 5S, EV 65.6 MPH) (infield hit)
Pitching: RHP Fikre Taalib
Pinch Hitting: RHB Ryan Thurston 0-0: Called Strike
0-1: Ball
1-1: Called Strike
1-2: Foul Ball, location: 2F
1-2: Ball
2-2: Grounds into double play, 1-6-3 (Groundball, 13S, EV 63.8 MPH)
Bottom of the 8th over - 0 runs, 1 hit, 0 errors, 0 left on base; Wichita State University 12 - Clemson University 2
TOP OF THE 9TH
Wichita State University Shockers batting - Pitching for Clemson University Tigers : RHP Cong Tung
Now in RF: Ryan Thurston
Pinch Hitting: RHB Oscar Mora 0-0: Ball
1-0: Ball
2-0: Ball
3-0: Called Strike
3-1: Base on Balls
Batting: RHB Adam McMillen 0-0: Called Strike
0-1: Ball
1-1: Ball
2-1: Foul Ball, location: 2F
2-2: Ball
3-2: Base on Balls
Oscar Mora to second
Pitching: LHP Brian Anderson
Batting: RHB David Bousfield 0-0: Called Strike
0-1: Swinging Strike
0-2: Fielders Choice at 2nd, 2-4 (Groundball, 15S, EV 60.6 MPH)
Oscar Mora to third
Batting: RHB Juan Nieves 0-0: Grounds into double play, 4-6-3 (Groundball, 4, EV 96.2 MPH)
Top of the 9th over - 0 runs, 0 hits, 0 errors, 1 left on base; Wichita State University 12 - Clemson University 2
BOTTOM OF THE 9TH
Clemson University Tigers batting - Pitching for Wichita State University Shockers : RHP Fikre Taalib
Now in CF: Sammar Wambugu
Pinch Hitting: SHB Jose Santiago 0-0: Ground out 6-3 (Groundball, 56, EV 105.0 MPH)
Pinch Hitting: LHB David Mendez 0-0: Called Strike
0-1: Called Strike
0-2: Ground out 5-3 (Groundball, 5, EV 82.5 MPH)
Batting: RHB Neal Perucci 0-0: Ball
1-0: Ball
2-0: Called Strike
2-1: Ball
3-1: Foul Ball, location: 2F
3-2: Foul Ball, location: 2F
3-2: Fly out, F7 (Flyball, 7, EV 91.9 MPH)
Bottom of the 9th over - 0 runs, 0 hits, 0 errors, 0 left on base; Wichita State University 12 - Clemson University 2
Tuesday, March 28th , 2023 - OOTP Baseball 23.10 Build 110